 Dungeon Crawl Stone Soup version 0.21-a0-91-ga5031da (webtiles) character file.

37858 Ijustatesigmund the Timeless (level 13, 0/128 HPs)
             Began as a Naga Fighter on June 29, 2017.
             Was a High Priest of Cheibriados.
             Slain by Duffy's ghost (13 damage)
             ... on level 2 of the Orcish Mines.
             The game lasted 00:50:43 (10058 turns).

Ijustatesigmund the Timeless (Naga Fighter)        Turns: 10058, Time: 00:50:44

Health: 0/128      AC:  8    Str: 34    XL:     13   Next: 99%
Magic:  23/23      EV: 12    Int: 24    God:    Cheibriados [*****.]
Gold:   898        SH:  0    Dex: 27    Spells: 12/12 levels left

rFire    . . .     SeeInvis +   q - +1 whip (elec)
rCold    + . .     Gourm    .   c - +1 shield
rNeg     . . .     Faith    .   R - +1 robe {rC+}
rPois    +         Spirit   .   (no helmet)
rElec    .         Reflect  .   (no cloak)
rCorr    .         Harm     .   (no gloves)
MR       +....                  (no barding)
Stlth    +.........             o - amulet of regeneration
HPRegen  0.71/turn              (no ring)
MPRegen  0.18/turn              v - +3 ring of slaying

@: confused, liquid flames, glowing, very slow
A: icy blue scales 1, see invisible, deformed body, poison resistance, slowness
2, slow metabolism 1, spit poison 2, constrict 1, AC +4
a: Breathe Poison Gas, Bend Time, Temporal Distortion, Slouch, Step From Time,
Renounce Religion


You were on level 2 of the Orcish Mines.
You worshipped Cheibriados.
Cheibriados was extremely pleased with you.
You were not hungry.

You visited 3 branches of the dungeon, and saw 14 of its levels.
You visited the Abyss 1 time.

You collected 940 gold pieces.
You spent 42 gold pieces at shops.

Inventory:

Hand Weapons
 a - a +1 flail
 h - a +0 mace of protection
 i - a +0 blowgun
 q - a +1 whip of electrocution (weapon)
 y - a +2 whip of freezing
Missiles
 m - 4 curare-tipped needles
Armour
 c - a +1 shield (worn)
 d - the +1 plate armour of Parts Unknown {*Slow MR+ Regen+ Slay+3}
   (You found it on level 10 of the Dungeon)

   It affects your accuracy and damage with ranged weapons and melee attacks
   (+3).
   It affects your resistance to hostile enchantments.
   It increases your rate of regeneration.
   It may slow you when you take damage.
 G - the +1 chain mail of the Sun {rPois rC+}
   (You found it on level 11 of the Dungeon)

   It protects you from cold.
   It protects you from poison.
 N - the +0 ring mail of the Bruised Shrikes {rN+++ MR+ Slay-3}
   (You found it on level 8 of the Dungeon)

   It affects your accuracy and damage with ranged weapons and melee attacks
   (-3).
   It renders you almost immune to negative energy.
   It affects your resistance to hostile enchantments.
 R - a +1 robe of cold resistance (worn)
Jewellery
 b - an uncursed ring of ice
 e - an uncursed ring of wizardry
 l - an uncursed ring of fire
 o - an amulet of regeneration (around neck)
 r - an uncursed amulet of faith
 v - a +3 ring of slaying (right hand)
Wands
 g - a wand of flame (24/48)
 x - a wand of flame (43/48)
 C - a wand of acid (3/15)
 D - a wand of confusion (14/48)
 F - a wand of lightning (5/15)
 I - a wand of flame (9/48)
 K - a wand of scattershot (1/9)
Scrolls
 k - 5 scrolls of remove curse
 E - a scroll of fog
 H - 3 scrolls of amnesia
 J - 4 scrolls of identify
 M - a scroll of immolation
 O - a scroll of enchant armour
 P - 3 scrolls of enchant weapon
Potions
 p - a potion of flight
Books
 B - a book of Maledictions

   Spells                             Type                      Level
   a - Corona                         Hexes                        1
   b - Ensorcelled Hibernation        Hexes/Ice                    2
   c - Confuse                        Hexes                        3
   d - Tukima's Dance                 Hexes                        3
   e - Dazzling Spray                 Conjuration/Hexes            3
 Q - a book of Geomancy

   Spells                             Type                      Level
   a - Sandblast                      Earth                        1
   b - Passwall                       Transmutation/Earth          2
   c - Stone Arrow                    Conjuration/Earth            3
   d - Petrify                        Transmutation/Earth          4
   e - Lee's Rapid Deconstruction     Earth                        5
Comestibles
 f - 10 bread rations
 w - 23 fruits
 z - 2 royal jellies
 A - 4 meat rations


   Skills:
 + Level 11.9 Fighting
 + Level 11.7 Maces & Flails
 + Level 6.9 Armour
 - Level 4.3 Dodging
 - Level 3.7 Shields
 + Level 13.8 Invocations
 - Level 5.2 Evocations


You had 12 spell levels left.
You didn't know any spells.

Dungeon Overview and Level Annotations

Branches:
Dungeon (11/15)            Temple (1/1) D:4            Lair (0/6) D:8
    Orc (2/2) D:10
    Elf: Orc:2

Altars:
Ashenzari
Cheibriados
Dithmenos
Elyvilon
Fedhas
Gozag
Hepliaklqana
Kikubaaqudgha
Makhleb
Nemelex Xobeh
Okawaru
Qazlal
Ru
Sif Muna
Trog
Uskayaw
Vehumet
Wu Jian
Xom
Yredelemnul
Zin
The Shining One

Shops:
D:4 (*[!   D:8 (   Orc:2 :?[%

Portals:
Trove: D:11 (give +6 ice dragon scales)

Annotations:
Orc:2 Duffy's ghost, journeyman GnWn; tilp's ghost, journeyman HOFE


Innate Abilities, Weirdness & Mutations

You cannot wear boots.
Your serpentine skin is tough. (AC +4)
You have supernaturally acute eyesight. (SInv)
Armour fits poorly on your strangely shaped body.
Your system is resistant to poisons. (rPois)
You cover ground very slowly.
You have a slow metabolism.
You can exhale a cloud of poison.
You can use your snake-like lower body to constrict enemies.
You are partially covered in icy blue scales. (AC +2)


Message History

This wand has 1 charge left.
You are covered in liquid flames!
* * * LOW HITPOINT WARNING * * *
Tilp's ghost sprays you with burning goo.
The sticky flame hits you!
You are covered in liquid flames!
* * * LOW HITPOINT WARNING * * *
You are confused.
You feel invigorated.
You are covered in liquid flames!
* * * LOW HITPOINT WARNING * * *
Duffy's ghost turns its malevolent gaze towards you.
Tilp's ghost hits you.
* * * LOW HITPOINT WARNING * * *
Tilp's ghost freezes you.
* * * LOW HITPOINT WARNING * * *
You are covered in liquid flames!
* * * LOW HITPOINT WARNING * * *
Duffy's ghost hits you!
You die...

#..#.....).))).)....
.#........$
#..##..))..).).)....
#..####............# ##........
#...########..########.....#...
##.............................
##............................
####...........#.###.........
##.#........W....##.........
#......#...##@#..##.........
#.........).W..............#
##.##......##.##....#.......
#####.....#######.####....#
#....## ### #... ##.### .. ###
#


You could see Duffy's ghost and tilp's ghost.

Vanquished Creatures
  A draconian shifter (Abyss:1)
  An ettin (Orc:2)
  The ghost of Soeti the Unseen, a journeyman NaBe of Trog (D:10)
  4 ogre magi (Orc:2)
  Fannar (Orc:1)
  Harold (Orc:1)
  Erica (D:11)
  16 two-headed ogres
  2 thrashing horrors (Abyss:1)
  Nergalle (D:9)
  An unseen horror (D:10)
  Pikel (D:5)
  An ugly thing (D:11)
  An orc sorcerer (Orc:1)
  A mana viper (Abyss:1)
  A large abomination (Abyss:1)
  A manticore (D:11)
  2 slime creatures (D:10)
  The ghost of anet the Skirmisher, a novice MiMo (D:5)
  2 centaur zombies
  Joseph (D:7)
  2 gargoyles
  A smoke demon (Abyss:1)
  A freezing wraith (Abyss:1)
  5 trolls
  5 hippogriffs
  A shadow (D:11)
  A spriggan (D:8)
  4 yaks (D:11)
  Grum (D:10)
  3 hungry ghosts
  A chaos spawn (Abyss:1)
  Menkaure (D:7)
  A warg (Orc:2)
  2 hell hounds (D:8)
  12 orc warriors
  2 ice beasts
  A black bear (D:11)
  3 sky beasts
  4 slaves (D:5)
  2 phantoms
  2 necrophages
  26 ogres
  2 wolves (D:10)
  8 centaurs
  2 small abominations (Abyss:1)
  9 bullfrogs
  Blork the orc (D:5)
  A gnoll sergeant (D:6)
  5 scorpions
  3 wights (D:9)
  9 killer bees
  3 electric eels (D:7)
  2 howler monkeys
  10 crimson imps
  3 lava snakes (D:9)
  8 orc priests
  5 hounds
  3 jellies
  2 bullfrog skeletons
  A centaur skeleton (D:6)
  4 iguanas
  16 orc wizards
  2 worker ants
  A hound zombie (D:11)
  A howler monkey zombie (D:11)
  Robin (D:3)
  3 worker ant zombies
  8 gnolls
  16 adders
  A howler monkey skeleton (D:7)
  3 shadow imps
  An ufetubus (Abyss:1)
  2 oozes
  4 adder skeletons
  2 adder zombies
  2 worms
  3 dart slugs
  5 leopard geckos
  34 orcs
  A bat skeleton (D:2)
  A bat zombie (D:2)
  A giant cockroach (D:6)
  20 goblins
  8 hobgoblins
  16 jackals
  6 kobolds
  4 quokkas
  A ball python (D:5)
  A ball python skeleton (D:2)
  10 bats
  5 frilled lizards
  A giant cockroach zombie (D:2)
  A jackal skeleton (D:5)
  A quokka skeleton (D:9)
  A quokka zombie (D:7)
  8 rats
395 creatures vanquished.

Vanquished Creatures (others)
  8 bushes (D:11)
8 creatures vanquished.

Grand Total: 403 creatures vanquished

Notes
Turn   | Place    | Note
-------+----------+-------------------------------------------
     0 | D:1      | Ijustatesigmund the Naga Fighter began the quest for the Orb.
     0 | D:1      | Reached XP level 1. HP: 21/21 MP: 1/1
    29 | D:1      | Reached XP level 2. HP: 18/28 MP: 2/2
   408 | D:1      | Reached XP level 3. HP: 27/34 MP: 3/3
   419 | D:1      | Gained mutation: You are partially covered in icy blue scales. (AC +2) [potion of mutation]
   419 | D:1      | Gained mutation: You can exhale a cloud of poison. [potion of mutation]
   793 | D:2      | Reached XP level 4. HP: 43/43 MP: 4/4
  1286 | D:3      | Noticed Robin
  1286 | D:3      | Reached XP level 5. HP: 41/50 MP: 5/5
  1296 | D:3      | Killed Robin
  1845 | D:4      | Found Pahats's Armour Shoppe.
  1846 | D:4      | Reached skill level 1 in Dodging
  1889 | D:4      | Noticed a centaur
  1895 | D:4      | Killed a centaur
  1895 | D:4      | Reached XP level 6. HP: 42/58 MP: 6/6
  1932 | D:4      | Found a shimmering altar of Xom.
  2008 | D:4      | Found a staircase to the Ecumenical Temple.
  2018 | Temple   | Entered the Ecumenical Temple
  2185 | Temple   | Became a worshipper of Cheibriados the Contemplative
  2196 | D:4      | Found Unluj's Distillery.
  2201 | D:4      | Bought a potion of curing for 42 gold pieces
  2291 | D:4      | Found Ecriut's Weapon Shoppe.
  2325 | D:4      | Reached XP level 7. HP: 65/66 MP: 7/7
  2388 | D:4      | Found Kacsieh's Assorted Antiques.
  2744 | D:5      | Entered Level 5 of the Dungeon
  2785 | D:5      | Noticed Blork the orc
  2794 | D:5      | Killed Blork the orc
  2811 | D:5      | Noticed anet's ghost (novice MiMo)
  2834 | D:5      | Killed anet's ghost
  2834 | D:5      | Reached skill level 5 in Fighting
  2834 | D:5      | Reached skill level 5 in Maces & Flails
  2834 | D:5      | Reached XP level 8. HP: 70/74 MP: 8/8
  2850 | D:5      | Noticed Pikel
  2929 | D:5      | Killed Pikel
  2929 | D:5      | Reached skill level 2 in Invocations
  3010 | D:5      | Reached skill level 3 in Invocations
  3312 | D:5      | Reached * piety under Cheibriados
  3443 | D:5      | Found a burning altar of Makhleb.
  3566 | D:6      | Reached XP level 9. HP: 84/84 MP: 11/11
  3570 | D:6      | Reached skill level 4 in Invocations
  4334 | D:6      | Reached ** piety under Cheibriados
  4343 | D:7      | Noticed Joseph
  4363 | D:7      | Killed Joseph
  4363 | D:7      | Reached skill level 5 in Invocations
  4363 | D:7      | Reached skill level 1 in Evocations
  4507 | D:7      | Reached *** piety under Cheibriados
  4601 | D:7      | Found a transporter.
  4617 | D:7      | Found a transporter.
  4617 | D:7      | Noticed Menkaure
  4624 | D:7      | Killed Menkaure
  4624 | D:7      | Reached skill level 6 in Invocations
  4624 | D:7      | Reached XP level 10. HP: 76/96 MP: 14/14
  5137 | D:8      | Reached **** piety under Cheibriados
  5143 | D:8      | Noticed a two-headed ogre
  5150 | D:8      | Killed a two-headed ogre
  5150 | D:8      | Reached skill level 7 in Invocations
  5427 | D:8      | Found a staircase to the Lair.
  5499 | D:8      | Got a fine ring mail
  5510 | D:8      | Identified the cursed +0 ring mail of the Bruised Shrikes {rN+++ MR+ Slay-3} (You found it on level 8 of the Dungeon)
  5573 | D:8      | Found Goytosed's Antique Weapon Shop.
  5873 | D:9      | Reached skill level 5 in Evocations
  6431 | D:9      | Noticed a two-headed ogre
  6436 | D:9      | Killed a two-headed ogre
  6436 | D:9      | Reached skill level 8 in Invocations
  6436 | D:9      | Reached XP level 11. HP: 95/106 MP: 15/17
  6511 | D:9      | Reached ***** piety under Cheibriados
  6889 | D:10     | Entered Level 10 of the Dungeon
  6910 | D:10     | Noticed Grum
  6918 | D:10     | Cast into level 1 of the Abyss (Grum)
  6952 | Abyss:1  | Found a shadowy altar of Dithmenos.
  6977 | Abyss:1  | Noticed a mana viper
  6991 | Abyss:1  | Killed a mana viper
  7004 | Abyss:1  | Noticed a wretched star
  7084 | Abyss:1  | Found a corrupted altar of Lugonu.
  7173 | Abyss:1  | Noticed a thrashing horror
  7194 | Abyss:1  | Noticed a large abomination
  7199 | Abyss:1  | Killed a large abomination
  7199 | Abyss:1  | Killed a thrashing horror
  7204 | Abyss:1  | Noticed a red draconian shifter
  7221 | Abyss:1  | Killed a red draconian shifter
  7221 | Abyss:1  | Reached skill level 9 in Invocations
  7277 | Abyss:1  | Noticed a thrashing horror
  7304 | Abyss:1  | Killed a thrashing horror
  7304 | Abyss:1  | Reached skill level 10 in Invocations
  7306 | D:10     | Escaped the Abyss
  7307 | D:10     | Noticed Nergalle
  7329 | D:9      | Killed Nergalle
  7479 | D:10     | Noticed Soeti's ghost (journeyman NaBe)
  7501 | D:10     | Killed Soeti's ghost
  7501 | D:10     | Reached skill level 11 in Invocations
  7501 | D:10     | Reached XP level 12. HP: 90/116 MP: 20/20
  7523 | D:10     | Killed Grum
  7619 | D:10     | Got an encrusted plate armour
  7630 | D:10     | Identified the +1 plate armour of Parts Unknown {*Slow MR+ Regen+ Slay+3} (You found it on level 10 of the Dungeon)
  7704 | D:10     | Found a staircase to the Orcish Mines.
  7985 | D:10     | Reached skill level 10 in Fighting
  7985 | D:10     | Reached skill level 10 in Maces & Flails
  7985 | D:10     | Reached skill level 12 in Invocations
  8334 | D:11     | Noticed Erica
  8465 | D:11     | Killed Erica
  8494 | D:11     | Found a portal to a secret trove of treasure.
  8606 | D:11     | Got an ichor-stained chain mail
  8617 | D:11     | Identified the +1 chain mail of the Sun {rPois rC+} (You found it on level 11 of the Dungeon)
  8781 | D:11     | Reached ****** piety under Cheibriados
  9137 | D:11     | Reached skill level 5 in Armour
  9443 | Orc:1    | Entered Level 1 of the Orcish Mines
  9557 | Orc:1    | Noticed Fannar
  9582 | Orc:1    | Killed Fannar
  9582 | Orc:1    | Gained mutation: You can use your snake-like lower body to constrict enemies. [Naga growth]
  9582 | Orc:1    | Reached XP level 13. HP: 82/126 MP: 18/22
  9748 | Orc:1    | Noticed Harold
  9772 | Orc:1    | Killed Harold
  9839 | Orc:2    | Entered Level 2 of the Orcish Mines
  9839 | Orc:2    | Noticed an ettin
  9839 | Orc:2    | Noticed tilp's ghost (journeyman HOFE)
  9860 | Orc:2    | Found Sali's Magic Scroll Emporium.
  9860 | Orc:2    | Found Niplat's Food Shop.
  9860 | Orc:2    | Found Oleulolu's Book Boutique.
  9860 | Orc:2    | Found Adgharghou's Armour Emporium.
  9860 | Orc:2    | Noticed an ogre mage
  9860 | Orc:2    | Noticed an ogre mage
  9861 | Orc:2    | Reached skill level 13 in Invocations
  9862 | Orc:2    | Killed an ogre mage
  9862 | Orc:2    | Killed an ogre mage
  9892 | Orc:2    | Noticed Duffy's ghost (journeyman GnWn)
 10013 | Orc:2    | Killed an ettin
 10058 | Orc:2    | HP: 2/128 [burnt (11)]
 10058 | Orc:2    | Slain by Duffy's ghost

Vault maps used:
D:1:      lightli_arrival_noodles, serial_park_tiny_pond,
          minmay_misc_feat_pillars, minmay_misc_feat_tiny
D:2:      serial_undead, serial_undead_c, serial_undead_e, serial_undead_d,
          serial_undead_d, serial_undead_b, first_bread
D:3:      kennysheep_goblin_castle, uniq_robin
D:4:      xom_teletrap_fun, minmay_temple_entry_purple_smoke, serial_shops,
          shop, shop, kennysheep_little_box, shop, kennysheep_generic_room_9
D:5:      lemuel_coloured_pillars_altar, guppyfry_early_lair_pool,
          uniq_blork_the_orc, uniq_pikel
D:6:      minivault_1
D:7:      gammafunk_steamed_eel, uniq_joseph, uniq_menkaure
D:8:      minmay_lair_entry_lava, serial_shops, nicolae_shop_overgrown_old_shop,
          the_bakery
D:9:      disabler_island
D:10:     orc_0_dummy, mrwooster_statue_mirror, uniq_nergalle, uniq_grum
D:11:     nicolae_trove_entry_crossroad, minmay_hedge_maze,
          kennysheep_generic_room_12, uniq_erica
Temple:   regret_index_temple_chain_breaker
Orc:1:    uniq_fannar, uniq_harold
Orc:2:    st_orc_ogre_mass

Skill      XL: |  1  2  3  4  5  6  7  8  9 10 11 12 13 |
---------------+----------------------------------------+-----
Maces & Flails | 3 4 5 6 7 9 10 11 | 11.7
Fighting       | 4 5 6 7 9 10 11 | 11.9
Dodging        | 1 2 3 4 |  4.3
Shields        | 3 |  3.7
Armour         | 3 5 6 |  6.9
Invocations    | 3 6 8 11 12 13 | 13.8
Evocations     | 3 5 |  5.2

Action                   |  1- 3 |  4- 6 |  7- 9 | 10-12 | 13-15 || total
-------------------------+-------+-------+-------+-------+-------++-------
Melee: Flail             |   113 |    69 |       |       |       ||   182
       Whip              |       |   114 |   159 |   638 |    82 ||   993
       Constrict         |       |       |       |       |     7 ||     7
Invok: Slouch            |       |       |       |     2 |     2 ||     4
       Step From Time    |       |       |       |       |     1 ||     1
 Abil: Breathe Poison Ga |     1 |     7 |    11 |    23 |     5 ||    47
Evoke: Wand              |       |       |     2 |     8 |     8 ||    18
  Use: Scroll            |     7 |     7 |     4 |    10 |     1 ||    29
       Potion            |     1 |     3 |     1 |     5 |     6 ||    16
 Stab: Confused          |       |       |       |     2 |       ||     2
  Eat: Chunk             |       |     5 |     8 |    16 |     1 ||    30
       Fruit             |       |       |     2 |       |       ||     2
       Royal jelly       |       |       |       |     1 |       ||     1
       Bread ration      |       |       |       |       |     1 ||     1
Armor: Scale mail        |    71 |   139 |    22 |       |       ||   232
       Chain mail        |       |       |    24 |   184 |       ||   208
       Skin              |       |       |     1 |       |       ||     1
       Plate armour      |       |       |       |   105 |     3 ||   108
       Robe              |       |       |       |       |     4 ||     4
Dodge: Dodged            |    30 |    67 |    18 |   183 |    16 ||   314
Block: Shield            |    71 |   146 |    87 |   465 |    35 ||   804
